[Event "ICC Open 2015"]
[Site "Internet Chess Club"]
[Date "2015.05.30"]
[Round "4"]
[White "garompon"]
[Black "muhit"]
[Result "1-0"]
[ICCResult "Black forfeits on time"]
[WhiteElo "2555"]
[BlackElo "2026"]
[Opening "Scotch: Göring gambit"]
[ECO "C44"]
[NIC "SO.06"]
[Time "14:40:36"]
[TimeControl "180+0"]

1. e4 e5 2. Nf3 Nc6 3. d4 exd4 4. c3 d3 5. Bxd3 Nf6 6. e5 Ng4 7. O-O Be7 8.
h3 Ngxe5 9. Nxe5 Nxe5 10. Bc2 d6 11. f4 Nc6 12. Qh5 g6 13. Qf3 O-O 14. f5
Ne5 15. Qg3 Bh4 16. Qf4 Bf6 17. Nd2 d5 18. g4 g5 19. Qg3 c6 20. Nf3 Nxf3+
21. Qxf3 Bd7 22. Be3 Re8 23. Rae1 Qc7 24. h4 h6 25. Kg2 Kg7 26. Rh1 Rh8 27.
Rh3 c5 28. Reh1 Bc6 29. Bd2 Qe5 30. Re1 Qd6 31. Qg3 d4+ 32. Be4 Qxg3+ 33.
Kxg3 Bxe4 34. Rxe4 Rhe8 35. Rxe8 Rxe8 36. hxg5 {Black forfeits on time} 1-0

[Event "ICC Open 2015"]
[Site "Internet Chess Club"]
[Date "2015.05.30"]
[Round "4"]
[White "olimpus"]
[Black "MTurov"]
[Result "1-0"]
[ICCResult "Black checkmated"]
[WhiteElo "2768"]
[BlackElo "3028"]
[Opening "Benko's opening"]
[ECO "A00"]
[NIC "VO.09"]
[Time "14:40:12"]
[TimeControl "180+0"]

1. g3 Nf6 2. Bg2 e5 3. c4 Nc6 4. Nc3 Bb4 5. e4 O-O 6. Nge2 d6 7. O-O Bc5 8.
d3 a6 9. h3 Be6 10. Nd5 Nd7 11. Be3 f5 12. exf5 Bxf5 13. Qd2 Kh8 14. b4 Bxe3
15. fxe3 Be6 16. a4 Rxf1+ 17. Rxf1 Bxd5 18. Bxd5 Nf6 19. Bg2 Qd7 20. b5 axb5
21. axb5 Nd8 22. d4 Qe7 23. Nc3 c6 24. Kh2 Ra3 25. Rd1 exd4 26. exd4 Kg8 27.
Re1 Qf7 28. bxc6 bxc6 29. d5 c5 30. Nb5 Ra6 31. Qf4 Nd7 32. Qg5 Qf8 33. Nc7
Ra2 34. Re8 Nf7 35. Qe7 Nfe5 36. g4 Rf2 37. Ne6 Qxe8 38. Qxe8+ Nf8 39. Qe7
Rf7 40. Qxd6 Nxc4 41. Qxc5 Ne5 42. Nxf8 Rxf8 43. d6 Nd7 44. Qc7 Nf6 45. d7
Nxd7 46. Qxd7 Kh8 47. Qe7 Rb8 48. Be4 Rb2+ 49. Kg3 Rb8 50. Qe5 Re8 51. Qxe8#
{Black checkmated}
1-0

[Event "ICC Open 2015"]
[Site "Internet Chess Club"]
[Date "2015.05.30"]
[Round "4"]
[White "boveymvp"]
[Black "leonardoalmeida"]
[Result "0-1"]
[ICCResult "White forfeits on time"]
[WhiteElo "1575"]
[BlackElo "1835"]
[Opening "Scandinavian (center counter) defense"]
[ECO "B01"]
[NIC "SD.01"]
[Time "14:40:31"]
[TimeControl "180+0"]

1. e4 d5 2. exd5 Qxd5 3. Nc3 Qa5 4. d4 c6 5. Nf3 Bg4 6. Bc4 Bxf3 7. Qxf3 e6
8. O-O Nf6 9. Bd2 Qb6 10. Qd3 Nbd7 11. Bb3 Be7 12. Be3 Qc7 13. Ne2 O-O 14.
h3 Rad8 15. c4 Bd6 16. Rad1 a5 17. Bc2 g6 18. Nc3 Rfe8 19. Ne4 Nxe4 20. Qxe4
Nf6 21. Qh4 Be7 22. Bg5 Nh5 23. Bxe7 Rxe7 24. Qe4 Red7 25. b3 Qb6 26. Qe3
Rxd4 27. Rxd4 Qxd4 28. Rd1 Qf6 29. Rxd8+ Qxd8 30. g3 Ng7 31. h4 Nf5 32. Bxf5
exf5 33. Kg2 h5 34. a4 Qd7 35. Kf3 Qd1+ 36. Kg2 Qd7 37. Kf3 Kg7 38. Qe5+ f6
39. Qe3 Qd1+ 40. Kg2 Qd7 41. Kf3 Qd6 42. Kg2 Qe5 43. Kf3 Qxe3+ 44. Kxe3 Kf7
45. Kd4 Ke6 46. Kc5 f4 47. Kb6 fxg3 48. fxg3 g5 49. Kxb7 gxh4 50. gxh4 Kf5
51. Kxc6 Kg4 52. Kb7 f5 53. c5 f4 54. c6 f3 55. c7 Kxh4 56. c8=Q Kg3 57.
Qg8+ Kh4 58. Qg1 Kh3 59. Qf2 Kg4 60. Kb6 h4 61. Kxa5 h3 62. b4 h2 63. b5
h1=Q 64. b6 Qg2 65. b7 Qxf2 66. b8=Q Qd2+ {White forfeits on time} 0-1

[Event "ICC Open 2015"]
[Site "Internet Chess Club"]
[Date "2015.05.30"]
[Round "4"]
[White "Supermodel"]
[Black "maopalov"]
[Result "1-0"]
[ICCResult "Black forfeits on time"]
[WhiteElo "2250"]
[BlackElo "1684"]
[Opening "Old Benoni defense"]
[ECO "A43"]
[NIC "OI.09"]
[Time "14:40:16"]
[TimeControl "180+0"]

1. d4 c5 2. c4 cxd4 3. Nf3 d6 4. Nxd4 Nf6 5. Nc3 a6 6. g3 g6 7. Bg2 Bg7 8.
O-O O-O 9. b3 Qc7 10. Bb2 Nc6 11. Rc1 Bd7 12. e4 Rac8 13. h3 Ne8 14. Nd5 Qd8
15. Kh2 Nc7 16. Nb6 Rb8 17. a4 Ne6 18. Nxe6 Bxe6 19. Bxg7 Kxg7 20. Nd5 Bxd5
21. exd5 Nb4 22. Qf3 a5 23. h4 h5 24. Bh3 Qc7 25. Rfe1 Rbe8 26. Re4 Na6 27.
Rce1 Nc5 28. R4e3 Qd8 29. g4 hxg4 30. Qxg4 Nd7 31. Qg5 Nf6 32. Rg1 Rh8 33.
f3 Rh5 34. Qg3 Reh8 35. Bg4 Rxh4+ 36. Kg2 Nxg4 37. fxg4 Rh2+ 38. Qxh2 Rxh2+
39. Kxh2 Qb6 40. Rgg3 Qd4 41. Rxe7 Qf2+ 42. Rg2 Qf4+ 43. Kg1 Qd4+ 44. Kf1
Qd3+ 45. Ree2 Qxb3 46. Rc2 Qb1+ 47. Kf2 Qb6+ 48. Kg3 Qd4 49. Rge2 Qf6 50.
Rf2 Qd4 51. Rce2 Qc5 52. Rf3 Qb4 53. Rf4 Qxa4 54. Ree4 {Black forfeits on
time} 1-0

[Event "ICC Open 2015"]
[Site "Internet Chess Club"]
[Date "2015.05.30"]
[Round "4"]
[White "olimpioMD"]
[Black "vjibab"]
[Result "1-0"]
[ICCResult "Black forfeits on time"]
[WhiteElo "1444"]
[BlackElo "1754"]
[Opening "QGD: 3...Nf6"]
[ECO "D35"]
[NIC "QO.16"]
[Time "14:39:40"]
[TimeControl "180+0"]

1. d4 d5 2. c4 e6 3. Nc3 Nf6 4. e4 c6 5. e5 Nfd7 6. Nf3 g6 7. h4 Bg7 8. h5
h6 9. hxg6 fxg6 10. Qc2 Kf7 11. Nh4 Nf8 12. Bd3 dxc4 13. Bxg6+ Kg8 14. Bh5
Qxd4 15. Be3 Qxe5 16. Ng6 Nxg6 17. Bxg6 Nd7 18. O-O-O Nf8 19. Rde1 Qa5 20.
Bd2 Qc7 21. g3 b5 22. Bf4 e5 23. Be3 a5 24. Bc5 Ne6 25. Be3 Nd4 26. Qe4 b4
27. Nd5 Qd6 28. Bxd4 cxd5 29. Qe3 Ba6 30. Bc5 Qxg6 31. f4 d4 32. Qf3 Rb8 33.
f5 Qg5+ 34. Kb1 Bb7 35. Qh5 Bxh1 36. Rxh1 Qxh5 37. Rxh5 c3 38. bxc3 bxc3+
39. Kc2 Bf6 40. g4 Rb2+ 41. Kd3 Rxa2 42. Bd6 Rd2+ 43. Kc4 c2 44. Rh1 Rd1 45.
Rh2 c1=Q+ 46. Kd5 Rd2 47. Ke6 Rxh2 48. Kxf6 d3 49. Bxe5 d2 50. Kg6 d1=Q 51.
f6 Qc6 52. g5 {Black forfeits on time} 1-0

[Event "ICC Open 2015"]
[Site "Internet Chess Club"]
[Date "2015.05.30"]
[Round "4"]
[White "Svinotigr"]
[Black "suilven"]
[Result "1-0"]
[ICCResult "Black forfeits on time"]
[WhiteElo "1694"]
[BlackElo "1870"]
[Opening "Réti: old Indian attack"]
[ECO "A06"]
[NIC "QP.09"]
[Time "14:40:02"]
[TimeControl "180+0"]

1. Nf3 d5 2. d3 Nf6 3. Nbd2 c6 4. e4 dxe4 5. dxe4 e6 6. Qe2 Be7 7. g3 O-O 8.
h4 c5 9. Bg2 Nc6 10. c3 Rb8 11. a4 e5 12. Nc4 Qc7 13. Bg5 Be6 14. O-O a6 15.
Bxf6 Bxf6 16. Nh2 b5 17. axb5 axb5 18. Ne3 b4 19. Bf3 Rfd8 20. Bg4 Bb3 21.
h5 c4 22. Bf5 Ne7 23. Nhg4 Bg5 24. Nh2 Qb6 25. Nxc4 Qb5 26. Qg4 Bxc4 27.
Qxg5 Nxf5 28. exf5 f6 29. Qg4 Bxf1 30. Rxf1 bxc3 31. h6 Rb7 32. bxc3 Qc5 33.
Nf3 Qxc3 34. Nh4 Rd4 35. Qh5 Rxh4 36. Qxh4 Qd3 37. Qg4 e4 38. hxg7 Rxg7 39.
Qf4 e3 40. Qxe3 Qxf5 41. Kg2 Qg4 42. Qf3 h5 43. Rc1 Qg5 44. Rc8+ Kh7 45. Qa8
h4 46. Rh8+ Kg6 47. Rxh4 {Black forfeits on time} 1-0

[Event "ICC Open 2015"]
[Site "Internet Chess Club"]
[Date "2015.05.30"]
[Round "4"]
[White "BlackHorse96"]
[Black "UzbekTiger"]
[Result "1-0"]
[ICCResult "Black resigns"]
[WhiteElo "3288"]
[BlackElo "2771"]
[Opening "Queen's pawn game"]
[ECO "D00"]
[NIC "QP.07"]
[Time "14:39:39"]
[TimeControl "180+0"]

1. d4 Nf6 2. Nc3 d5 3. Bf4 e6 4. Nb5 Na6 5. e3 c6 6. Nc3 Nc7 7. Bd3 Bd6 8.
Qf3 O-O 9. h4 Nce8 10. h5 Bxf4 11. exf4 h6 12. O-O-O Nd6 13. g4 Nh7 14. Nh3
f5 15. Rdg1 fxg4 16. Qxg4 Qf6 17. Rg2 e5 18. Bxh7+ Kxh7 19. fxe5 Bxg4 20.
exf6 Bxh3 21. Rxg7+ Kh8 22. Rxh3 Rxf6 23. Rd7 Rg8 24. b3 Rg7 25. Rd8+ Rg8
26. Rxg8+ Kxg8 27. f3 Kf7 28. Ne2 Re6 29. Kd2 Nf5 30. c3 b6 31. Nf4 Re8 32.
Ng6 c5 33. Ne5+ Kf6 34. Kd3 Rg8 35. Ng4+ Kg5 36. Rh1 Kf4 37. Nf6 Rd8 38. Re1
cxd4 39. cxd4 Ng3 40. Re5 Kxf3 41. Nxd5 Rc8 42. Re3+ Kg4 43. Nf6+ Kf4 44.
Nd5+ Kg4 45. Ne7 Rd8 46. d5 Kf4 47. Kd4 Nxh5 48. Re4+ Kg5 49. Re5+ Kg4 50.
Re6 Nf4 51. Rxh6 Ne2+ 52. Ke5 Nf4 53. d6 Nd3+ 54. Kd5 Nb4+ 55. Ke6 a5 56. d7
Nd3 57. Rg6+ Kh5 58. Rg8 Nc5+ 59. Kf5 Rxg8 60. Nxg8 Nxd7 61. Nf6+ Nxf6 62.
Kxf6 Kg4 63. Ke5 Kf3 64. Kd5 Ke3 65. Kc6 Kd4 66. Kxb6 a4 67. bxa4 Kd5 68. a5
Kd6 69. a6 {Black resigns} 1-0

[Event "ICC Open 2015"]
[Site "Internet Chess Club"]
[Date "2015.05.30"]
[Round "4"]
[White "chessdi"]
[Black "Jack-Daniels"]
[Result "0-1"]
[ICCResult "White forfeits on time"]
[WhiteElo "2421"]
[BlackElo "2912"]
[Opening "QGD semi-Slav"]
[ECO "D43"]
[NIC "SL.03"]
[Time "14:40:22"]
[TimeControl "180+0"]

1. d4 d5 2. c4 c6 3. Nf3 Nf6 4. Nc3 e6 5. Bg5 h6 6. Bxf6 Qxf6 7. e3 g6 8.
Bd3 Bg7 9. O-O O-O 10. Re1 Qe7 11. e4 dxc4 12. Bxc4 b5 13. Bb3 Rd8 14. Qc1
Nd7 15. Qe3 Bb7 16. Rac1 a6 17. a4 Rac8 18. h4 Qb4 19. Na2 Qa5 20. axb5 cxb5
21. h5 g5 22. Nxg5 hxg5 23. Qxg5 Kh8 24. e5 Rg8 25. Re3 Rxc1+ 26. Nxc1 Qd2
27. Nd3 Bf8 28. Qf4 Bxg2 29. Kh2 Bd5 30. Bxd5 exd5 31. Qxf7 Bh6 32. Rf3 Qd1
33. Rg3 Rxg3 34. fxg3 Qxd3 35. Qxd7 Qe2+ 36. Kg1 Be3+ 37. Kh1 Qxh5+ 38. Kg2
Qe2+ 39. Kh3 Qh5+ 40. Kg2 Qe2+ 41. Kh3 Qf1+ 42. Kh4 Qf8 43. Kg4 Qg7+
{White forfeits on time}
0-1

[Event "ICC Open 2015"]
[Site "Internet Chess Club"]
[Date "2015.05.30"]
[Round "4"]
[White "Rinazina46"]
[Black "Chiraakk"]
[Result "1-0"]
[ICCResult "Black forfeits on time"]
[WhiteElo "1868"]
[BlackElo "1606"]
[Opening "Lengfellner system"]
[ECO "C01"]
[NIC "FR.01"]
[Time "14:40:11"]
[TimeControl "180+0"]

1. e4 e6 2. d4 d6 3. f4 Nf6 4. Nc3 Be7 5. Nf3 O-O 6. Bd3 c5 7. dxc5 dxc5 8.
Qe2 Nc6 9. Be3 e5 10. f5 Nd4 11. Qd1 Qd6 12. h3 Re8 13. O-O a6 14. Bg5 Nd7
15. Bxe7 Qxe7 16. Nd5 Qd6 17. Nxd4 exd4 18. a4 f6 19. Qe1 Rb8 20. a5 Ne5 21.
Qg3 c4 22. Be2 Kh8 23. Rad1 Qc5 24. Kh1 Bd7 25. Rf4 Bb5 26. Rh4 d3 27. cxd3
cxd3 28. Bh5 Red8 29. Bg6 h6 30. Qf4 Rxd5 31. Rxh6+ Kg8 32. exd5 gxh6 33.
Qxh6 Qe7 34. Bh5 Qg7 35. Qxg7+ Kxg7 36. Bf3 Rh8 37. d6 Rh6 38. Bxb7 Nd7 39.
Bf3 Rh8 40. Rd2 Rd8 41. Kh2 Ne5 42. Kg3 Rxd6 43. Kf4 Rd4+ 44. Ke3 Rb4 45.
Kf2 Nxf3 46. Kxf3 Rb3 47. Kf2 Kf8 48. g4 Ke7 49. h4 Kd6 50. g5 Rb4 51. g6
Rf4+ 52. Kg3 Rxf5 53. g7 Rh5 54. Kg4 {Black forfeits on time} 1-0

[Event "ICC Open 2015"]
[Site "Internet Chess Club"]
[Date "2015.05.30"]
[Round "4"]
[White "tristanfran"]
[Black "Meditator"]
[Result "1-0"]
[ICCResult "Black forfeits on time"]
[WhiteElo "1876"]
[BlackElo "2262"]
[Opening "Sicilian defense"]
[ECO "B44"]
[NIC "SI.39"]
[Time "14:40:16"]
[TimeControl "180+0"]

1. e4 c5 2. Nf3 e6 3. d4 cxd4 4. Nxd4 Nc6 5. Nb3 Nf6 6. Bd3 a6 7. O-O Qc7 8.
c4 d6 9. Nc3 Be7 10. h3 O-O 11. Be3 b6 12. a3 Nd7 13. f4 Bf6 14. Qd2 Nc5 15.
Nxc5 bxc5 16. Rab1 Rb8 17. Ne2 Nd4 18. Nxd4 cxd4 19. Bf2 e5 20. f5 h6 21. g4
Bg5 22. Qe1 a5 23. Bh4 Be3+ 24. Bf2 Bf4 25. Bg3 Bxg3 26. Qxg3 Rb3 27. Rf3
Qb6 28. Qf2 Ba6 29. Qc2 f6 30. Be2 Rxf3 31. Bxf3 d3+ 32. Qf2 Qxf2+ 33. Kxf2
Bxc4 34. Ke3 Rb8 35. b4 axb4 36. axb4 Kf8 37. Bd1 Ke7 38. Ba4 Ra8 39. Bd1
Bb5 40. Bb3 Rc8 41. Ra1 Rc3 42. Ra7+ Kd8 43. Be6 Rc2 44. Ra8+ Ke7 45. Ra7+
Ke8 46. Ra8+ Ke7 47. Ra7+ Kf8 48. Ra8+ Ke7 49. Ra7+ Kd8 50. Ra8+ Kc7 51.
Rc8+ Kb7 52. Rxc2 dxc2 53. Kd2 Ba4 54. Kc1 Kb6 55. Bc4 h5 56. gxh5 Bb5 57.
Bxb5 Kxb5 58. Kxc2 Kxb4 59. Kd3 Kc5 60. h4 Kb4 61. Ke3 Kc4 62. h6 gxh6 63.
Kf3 Kc3 64. Kg4 Kd3 65. Kh5 Kxe4 66. Kxh6 d5 67. Kg6 d4 68. h5 d3 69. h6 d2
70. h7 d1=Q 71. h8=Q Qd7 72. Kxf6 {Black forfeits on time} 1-0

[Event "ICC Open 2015"]
[Site "Internet Chess Club"]
[Date "2015.05.30"]
[Round "4"]
[White "kurumania"]
[Black "Sibelephant"]
[Result "1/2-1/2"]
[ICCResult "Game drawn by mutual agreement"]
[WhiteElo "2793"]
[BlackElo "3167"]
[Opening "Benkö gambit accepted"]
[ECO "A58"]
[NIC "BI.45"]
[Time "14:40:34"]
[TimeControl "180+0"]

1. d4 Nf6 2. c4 c5 3. d5 b5 4. cxb5 a6 5. bxa6 g6 6. Nc3 Bg7 7. e4 O-O 8. e5
Ne8 9. Nf3 d6 10. exd6 Nxd6 11. Be2 Nxa6 12. O-O Nb4 13. a3 Bf5 14. Bg5 Nc2
15. Rc1 Nd4 16. Re1 Rb8 17. b4 Nc2 18. Rxc2 Bxc2 19. Qxc2 cxb4 20. axb4 Qc7
21. Rc1 Rxb4 22. Nd1 Qxc2 23. Rxc2 Re8 24. h3 Ra4 25. Ne3 h6 26. Bh4 Ra7 27.
Bg3 Ne4 28. Be5 Rea8 29. Bxg7 Kxg7 30. Ne5 Ra2 31. Bd3 Rxc2 32. Nxc2 Nc3 33.
g3 Nxd5 34. Be4 Ra5 35. Nc6 Rc5 36. N2d4 e6 37. Bf3 Nf6 38. Kg2 Rc3 39. Ne5
Rc5 40. Nd3 Rc8 41. h4 Nd7 42. Nc6 Rc7 43. Nf4 g5 44. hxg5 hxg5 45. Nd3 f5
46. g4 Kf6 47. gxf5 exf5 48. Ndb4 Nb6 49. Nd4 g4 50. Be2 Rd7 51. Nbc6 Rd5
52. Bd1 Nd7 53. Bb3 Rc5 54. Nb4 Ne5 55. Nd5+ Rxd5 56. Bxd5 f4 57. Be4 g3 58.
fxg3 fxg3 59. Kxg3 Kg5 60. Ne6+ Kf6 61. Nc5 Nf7 62. Kf4 Nd6 63. Bd5 Ke7 64.
Ke5 Ne8 65. Nb7 Nc7 66. Nd6 Ne8 67. Nf5+ Kd7 68. Be4 Kd8 69. Ke6 Nc7+ 70.
Kd6 Ne8+ 71. Kc6 Nc7 72. Nd4 Ne8 73. Nf5 Nf6 74. Ne3 Nd7 75. Nd5 Ne5+ 76.
Kd6 Nf7+ 77. Ke6 Ng5+ 78. Kf5 Nf7 79. Kf6 Nd6 80. Ke5 Nc8 81. Bf5
{Game drawn by mutual agreement}
1/2-1/2

[Event "ICC Open 2015"]
[Site "Internet Chess Club"]
[Date "2015.05.30"]
[Round "4"]
[White "Hobaica"]
[Black "Lightlike"]
[Result "0-1"]
[ICCResult "White forfeits on time"]
[WhiteElo "2259"]
[BlackElo "2664"]
[Opening "French: MacCutcheon variation"]
[ECO "C12"]
[NIC "FR.05"]
[Time "14:40:19"]
[TimeControl "180+0"]

1. e4 e6 2. d4 d5 3. Nc3 Nf6 4. Bg5 Bb4 5. exd5 Qxd5 6. Bxf6 Bxc3+ 7. bxc3
gxf6 8. Nf3 b6 9. c4 Qa5+ 10. Qd2 Qxd2+ 11. Kxd2 Bb7 12. Be2 Nd7 13. Rhb1
Rg8 14. g3 O-O-O 15. Ke1 c5 16. c3 Kc7 17. a4 a5 18. Rb2 Bc6 19. Nd2 f5 20.
Nb3 Rb8 21. Nd2 Rgd8 22. Bf3 Nf6 23. Bxc6 Kxc6 24. dxc5 Kxc5 25. Rb5+ Kc6
26. Rab1 Rd3 27. c5 Rxc3 28. cxb6 Nd5 29. Nb3 Rxb6 30. Nxa5+ Kc7 31. Kd2 Ra3
32. Rxb6 Nxb6 33. Rc1+ Kd7 34. Nc4 Ra2+ 35. Ke3 Nxa4 36. Ne5+ Kd6 37. Nxf7+
Ke7 38. Ng5 Kf6 39. Nf3 Ra3+ 40. Ke2 Nb6 41. h4 Nd5 42. Rc2 Nc3+ 43. Kf1 Ne4
44. Kg2 Rd3 45. Ne1 Rd1 46. Nf3 Ra1 47. Nh2 Nd6 48. Nf1 Nb5 49. Ne3 Nd4 50.
Rd2 Nb3 51. Rd3 Nc5 52. Rc3 Ne4 53. Rc2 Rb1 54. Nf1 h6 55. Nh2 Rb3 56. Nf3
Nd6 57. Nd2 Rd3 58. Nf3 Nb5 59. Ne1 Rd1 60. Nf3 Nd4 61. Rd2 Rxd2 62. Nxd2
Ke5 63. Nf3+ Nxf3 64. Kxf3 Kf6 65. Kf4 e5+ 66. Ke3 Ke6 67. f4 e4 68. h5 Kf6
69. Kd4 Ke6 70. g4 fxg4 71. Kxe4 g3 72. Kf3 Kf5 73. Kxg3 Kf6 74. Kh4 Ke6 75.
Kg3 Kf6 76. Kf3 Ke6 77. Kg3 Kf6 78. Kf3 Kf5 79. Kg3 Ke6 80. Kf3 Kf6 81. Kg3
Kf5 82. Kf3 Ke6 83. Kg3 Kf6 84. Kf3 Kg7 85. Kg3 Kf6 86. Kf3 Kf7 87. Kg3 Ke7
88. Kf3 Kf7 89. Kg3 Kf6 90. f5 Kxf5 91. Kh4 Ke5 92. Kh3 Ke6 93. Kh2 Kf6 94.
Kh1 Ke5 95. Kg1 Kf5 96. Kh1 Kg5 97. Kg1 Kxh5 {White forfeits on time} 0-1

[Event "ICC Open 2015"]
[Site "Internet Chess Club"]
[Date "2015.05.30"]
[Round "5"]
[White "wolwerine"]
[Black "DreamCrusher"]
[Result "1-0"]
[ICCResult "Black resigns"]
[WhiteElo "2171"]
[BlackElo "1829"]
[Opening "Sicilian: O'Kelly variation"]
[ECO "B28"]
[NIC "SI.43"]
[Time "14:47:58"]
[TimeControl "180+0"]

1. e4 c5 2. Nf3 a6 3. c4 Nc6 4. Nc3 Nd4 5. Be2 d6 6. O-O e5 7. b3 Bd7 8. Bb2
Bc6 9. d3 f5 10. exf5 Nf6 11. Re1 Be7 12. Nxd4 exd4 13. Ne4 Nxe4 14. dxe4
Bxe4 15. Bh5+ Kf8 16. Rxe4 g6 17. Bg4 h5 18. Bh3 Kg7 19. Qe2 g5 20. g3 Bf6
21. Re1 Qd7 22. Re6 Rae8 23. Bg2 b5 24. Rxe8 Rxe8 25. Qxe8 Qxe8 26. Rxe8
bxc4 27. bxc4 g4 28. Bd5 Be5 29. Kf1 Kf6 30. Be6 a5 31. Ke1 a4 32. a3 h4 33.
Ra8 {Black resigns} 1-0

[Event "ICC Open 2015"]
[Site "Internet Chess Club"]
[Date "2015.05.30"]
[Round "5"]
[White "cirobur"]
[Black "LUCECOAGU"]
[Result "0-1"]
[ICCResult "White resigns"]
[WhiteElo "1114"]
[BlackElo "2352"]
[Opening "Sicilian: Grand Prix attack"]
[ECO "B21"]
[NIC "SI.48"]
[Time "14:48:20"]
[TimeControl "180+0"]

1. e4 c5 2. f4 d5 3. exd5 Nf6 4. Nc3 Nxd5 5. Bc4 Nb6 6. Bb3 c4 7. Ba4+ Nxa4
8. Nxa4 e6 9. Nf3 Be7 10. O-O O-O 11. b3 b5 12. Nc3 b4 13. Ne4 Ba6 14. bxc4
Bxc4 15. d3 Bd5 16. Ng3 Nd7 17. a3 a5 18. axb4 axb4 19. Bb2 Bf6 20. Ne4 Bxe4
21. Bxf6 Nxf6 22. dxe4 Nxe4 23. Re1 Qb6+ 24. Kh1 Nf2+ {White resigns} 0-1

[Event "ICC Open 2015"]
[Site "Internet Chess Club"]
[Date "2015.05.30"]
[Round "5"]
[White "ivancele"]
[Black "johnny197"]
[Result "1-0"]
[ICCResult "Black resigns"]
[WhiteElo "1664"]
[BlackElo "1371"]
[Opening "Modern defense"]
[ECO "A40"]
[NIC "QO.17"]
[Time "14:49:47"]
[TimeControl "180+0"]

1. d4 g6 2. c4 Bg7 3. e4 c5 4. d5 d6 5. Nc3 Bxc3+ 6. bxc3 Nf6 7. f3 Qa5 8.
Bd2 O-O 9. Bd3 Bd7 10. Ne2 Ba4 11. Qc1 Nbd7 12. Bh6 Rfb8 13. Qd2 b5 14. cxb5
Bxb5 15. c4 Ba6 16. Qxa5 {Black resigns} 1-0

[Event "ICC Open 2015"]
[Site "Internet Chess Club"]
[Date "2015.05.30"]
[Round "5"]
[White "vicmel"]
[Black "outubro2"]
[Result "0-1"]
[ICCResult "White resigns"]
[WhiteElo "1918"]
[BlackElo "1653"]
[Opening "Sicilian: Scheveningen variation"]
[ECO "B80"]
[NIC "SI.19"]
[Time "14:48:00"]
[TimeControl "180+0"]

1. e4 c5 2. Nf3 d6 3. d4 cxd4 4. Nxd4 Nf6 5. Nc3 e6 6. Be3 Be7 7. f3 O-O 8.
Qd2 Nc6 9. g4 a6 10. h4 Nxd4 11. Bxd4 b5 12. O-O-O b4 13. Ne2 a5 14. h5 Ba6
15. g5 Nd7 16. Rg1 Ne5 17. Bxe5 dxe5 18. Qxd8 Rfxd8 19. Rxd8+ Rxd8 20. g6
Bc5 21. gxh7+ Kxh7 {White resigns} 0-1

[Event "ICC Open 2015"]
[Site "Internet Chess Club"]
[Date "2015.05.30"]
[Round "5"]
[White "IlValentino"]
[Black "paraguayo"]
[Result "0-1"]
[ICCResult "White checkmated"]
[WhiteElo "1401"]
[BlackElo "1738"]
[Opening "Queen's Pawn"]
[ECO "B07"]
[NIC "QO.17"]
[Time "14:48:07"]
[TimeControl "180+0"]

1. d4 d6 2. e4 g6 3. c3 Bg7 4. g3 Nd7 5. Bg2 e5 6. d5 Ne7 7. b4 O-O 8. a4 f5
9. Ne2 fxe4 10. Bxe4 Nf6 11. Bc2 Nexd5 12. Bb3 c6 13. b5 Be6 14. Qd2 Ne4 15.
Qa2 Rxf2 16. c4 Ndc3 17. Nbxc3 Nxc3 18. Qc2 Rxe2+ 19. Qxe2 Nxe2 20. Kxe2 e4
21. Be3 Qf6 22. Rab1 Rf8 23. Rhf1 Bg4+ 24. Kd2 Qc3# {White checkmated} 0-1

[Event "ICC Open 2015"]
[Site "Internet Chess Club"]
[Date "2015.05.30"]
[Round "5"]
[White "podkarpacki"]
[Black "Gibhor"]
[Result "0-1"]
[ICCResult "White resigns"]
[WhiteElo "1471"]
[BlackElo "1949"]
[Opening "King's Indian: Zinnowitz variation"]
[ECO "E61"]
[NIC "KI.76"]
[Time "14:49:25"]
[TimeControl "180+0"]

1. Nf3 Nf6 2. d4 g6 3. c4 Bg7 4. Nc3 d6 5. Bg5 O-O 6. e4 h6 7. Bf4 Nbd7 8.
Be2 c6 9. O-O Nh5 10. Be3 e5 11. dxe5 dxe5 12. Qc2 Qe7 13. Rad1 Nf4 14. b4
Qxb4 15. Bxf4 exf4 16. Rb1 Qxc3 17. Qxc3 Bxc3 18. Rfd1 Bg7 19. Nd4 Nc5 20.
Nb3 Nxe4 21. Bf3 Nc3 {White resigns} 0-1

[Event "ICC Open 2015"]
[Site "Internet Chess Club"]
[Date "2015.05.30"]
[Round "5"]
[White "rookfish"]
[Black "waynerooney"]
[Result "0-1"]
[ICCResult "White checkmated"]
[WhiteElo "1205"]
[BlackElo "1977"]
[Opening "Ruy Lopez: exchange variation"]
[ECO "C68"]
[NIC "RL.08"]
[Time "14:48:24"]
[TimeControl "180+0"]

1. e4 e5 2. Nf3 Nc6 3. Bb5 a6 4. Bxc6 dxc6 5. c3 Bd6 6. Na3 f6 7. Nc4 Ne7 8.
Nxd6+ cxd6 9. d3 O-O 10. O-O Kh8 11. Be3 Bg4 12. h3 Bh5 13. g4 Bg6 14. Nh4
Qd7 15. Nxg6+ Nxg6 16. Kg2 d5 17. f4 exf4 18. Bxf4 dxe4 19. dxe4 Qe6 20. Qd6
Qxe4+ 21. Kg3 Rad8 22. Qc5 Nxf4 23. Rxf4 Rd3+ 24. Kh4 g5+ 25. Kh5 Qg6#
{White checkmated}
0-1

[Event "ICC Open 2015"]
[Site "Internet Chess Club"]
[Date "2015.05.30"]
[Round "5"]
[White "Ira57"]
[Black "Art"]
[Result "0-1"]
[ICCResult "White checkmated"]
[WhiteElo "1948"]
[BlackElo "2313"]
[Opening "Queen's pawn game"]
[ECO "D04"]
[NIC "QP.08"]
[Time "14:48:08"]
[TimeControl "180+0"]

1. d4 d5 2. Nf3 Nf6 3. e3 Bf5 4. b3 e6 5. Bd3 Bxd3 6. Qxd3 Be7 7. Qb5+ Nbd7
8. Qxb7 O-O 9. Bb2 c5 10. Qa6 Qc7 11. c3 Rab8 12. O-O c4 13. Ba3 Bxa3 14.
Qxa3 Ne4 15. b4 f5 16. Qb2 Rf6 17. Nbd2 Rh6 18. g3 Ndf6 19. Kg2 Ng4 20. h3
Nxe3+ 21. Kh2 Ng4+ 22. Kg2 Ngxf2 23. Rxf2 Qxg3+ 24. Kh1 Nxf2# {White
checkmated} 0-1

[Event "ICC Open 2015"]
[Site "Internet Chess Club"]
[Date "2015.05.30"]
[Round "5"]
[White "The7thGuest"]
[Black "ural"]
[Result "0-1"]
[ICCResult "White checkmated"]
[WhiteElo "2042"]
[BlackElo "2393"]
[Opening "Blackmar gambit"]
[ECO "B01"]
[NIC "VO.17"]
[Time "14:49:41"]
[TimeControl "180+0"]

1. e4 d5 2. d4 dxe4 3. Nc3 e5 4. d5 Nf6 5. Bc4 Bb4 6. Ne2 Bg4 7. O-O Nbd7 8.
a3 Bxc3 9. Nxc3 Bxd1 10. Rxd1 O-O 11. Bg5 h6 12. Bh4 g5 13. Bg3 Nb6 14. Bf1
Re8 15. d6 cxd6 16. Nb5 d5 17. c4 a6 18. c5 axb5 19. cxb6 Qxb6 20. Rac1 Rad8
21. h4 Nh5 22. Bh2 e3 23. fxe3 Qxe3+ 24. Kh1 Ng3+ 25. Bxg3 Qxg3 26. hxg5
hxg5 27. Bxb5 Rd6 28. Bxe8 Rh6+ 29. Kg1 Qe3+ 30. Kf1 Rh1# {White checkmated}
0-1

[Event "ICC Open 2015"]
[Site "Internet Chess Club"]
[Date "2015.05.30"]
[Round "5"]
[White "ultramagic1"]
[Black "BlueJ"]
[Result "0-1"]
[ICCResult "White checkmated"]
[WhiteElo "1764"]
[BlackElo "2176"]
[Opening "Sicilian defense"]
[ECO "B40"]
[NIC "SI.43"]
[Time "14:49:20"]
[TimeControl "180+0"]

1. e4 c5 2. Nf3 e6 3. c4 Nc6 4. d4 cxd4 5. Nxd4 Nf6 6. Nc3 Bb4 7. Nxc6 bxc6
8. Qc2 e5 9. f3 O-O 10. Be3 d5 11. cxd5 cxd5 12. O-O-O d4 13. Bf2 Bd7 14.
Nd5 Nxd5 15. exd5 Rc8 16. Bc4 Bb5 17. b3 Qa5 18. Kb1 Bxc4 19. bxc4 Bc3 20.
Be1 Rb8+ 21. Kc1 Qa3+ 22. Qb2 Qxb2# {White checkmated} 0-1

[Event "ICC Open 2015"]
[Site "Internet Chess Club"]
[Date "2015.05.30"]
[Round "5"]
[White "CrossShark"]
[Black "DANGEROUS-BEAST"]
[Result "1-0"]
[ICCResult "Black resigns"]
[WhiteElo "2704"]
[BlackElo "2359"]
[Opening "Ponziani: Caro variation"]
[ECO "C44"]
[NIC "KP.05"]
[Time "14:48:43"]
[TimeControl "180+0"]

1. e4 e5 2. Nf3 Nc6 3. c3 d5 4. Qa4 Bd7 5. exd5 Nd4 6. Qd1 Nxf3+ 7. Qxf3 Bd6
8. d4 exd4 9. cxd4 Ne7 10. Bd3 O-O 11. O-O f5 12. Nc3 Ng6 13. g3 Qf6 14. Ne2
c6 15. Nf4 Nxf4 16. Bxf4 Bxf4 17. dxc6 Bxc6 18. Qxf4 Rad8 19. Rad1 Rxd4 20.
Bc4+ Rxc4 21. Qxc4+ Kh8 22. b4 f4 23. Qxf4 Qxf4 24. gxf4 h5 25. Rd4 Rf6 26.
f3 Re6 27. Kf2 Bb5 28. Re1 {Black resigns} 1-0